 Dungeon Crawl Stone Soup version 0.20.1-1-g8b1a95d (webtiles) character file.

107 tilt the Digger (level 4, -1/24 HPs)
             Began as a Gargoyle Earth Elementalist on Nov 4, 2017.
             Slain by an ogre
             ... wielding a +0 giant club
              (10 damage)
             ... on level 3 of the Dungeon.
             The game lasted 00:13:31 (2352 turns).

tilt the Digger (Gargoyle Earth Elementalist)       Turns: 2352, Time: 00:13:32

Health: -1/24      AC:  5    Str: 12    XL:     4   Next: 85%
Magic:  7/9        EV: 12    Int: 16    God:
Gold:   120        SH:  0    Dex: 10    Spells: 5/9 levels left

rFire    . . .     SeeInvis .   j - +0 dagger
rCold    . . .     Gourm    .   (no shield)
rNeg     + . .     Faith    .   c - +0 robe
rPois    ∞         Spirit   .   (no helmet)
rElec    +         Reflect  .   (no cloak)
rCorr    .         Harm     .   (no gloves)
MR       .....                  (no boots)
Stlth    ++........             (no amulet)
Regen    0.1/turn               (no ring)
MPRegen  0.2/turn               (no ring)

@: no status effects
A: negative energy resistance 1, electricity resistance, unbreathing,
petrification resistance, rot immunity, AC +3
a: no special abilities


You were on level 3 of the Dungeon.
You were not hungry.

You visited 1 branch of the dungeon, and saw 3 of its levels.

You collected 120 gold pieces.

Inventory:

Hand Weapons
 j - a +0 dagger (weapon)
Missiles
 b - 97 stones (quivered)
Armour
 c - a +0 robe (worn)
 m - a +0 shield
Jewellery
 w - an uncursed ring of protection from cold {unknown}
Wands
 t - a wand of confusion (26/48)
Scrolls
 f - a scroll of fear {unknown}
 g - a scroll of recharging {unknown}
 k - 3 scrolls of immolation {unknown}
 l - 4 scrolls of teleportation {unknown}
 o - a scroll of identify {unknown}
 p - a scroll of enchant weapon {unknown}
 r - 3 scrolls of remove curse {unknown}
 v - a scroll of magic mapping {unknown}
Potions
 a - a potion of cancellation {unknown}
 h - 2 potions of brilliance {unknown}
 i - 4 potions of degeneration {unknown}
 n - a potion of might {unknown}
 q - a potion of haste
 s - a potion of mutation {unknown}
 u - a potion of berserk rage {unknown}
 z - a potion of resistance {unknown}
Books
 e - a book of Geomancy

   Spells                             Type                      Level
   a - Sandblast                      Earth                        1
   b - Passwall                       Transmutation/Earth          2
   c - Stone Arrow                    Conjuration/Earth            3
   d - Petrify                        Transmutation/Earth          4
   e - Lee's Rapid Deconstruction     Earth                        5
Comestibles
 d - 3 bread rations
 x - a royal jelly


   Skills:
 - Level 1.5 Dodging
 - Level 2.1 Stealth
 + Level 3.4 Spellcasting
 + Level 0.2 Conjurations
   Level 0.7 Transmutations
 + Level 5.2 Earth Magic


You had 5 spell levels left.
You knew the following spells:

 Your Spells              Type           Power        Failure   Level  Hunger
a - Sandblast             Erth           ###...       1%          1    None
b - Stone Arrow           Conj/Erth      ##....       17%         3    ###....


Dungeon Overview and Level Annotations

Branches:
Dungeon (3/15)

Altars:
Yredelemnul

Annotations:
D:2 1 runed door


Innate Abilities, Weirdness & Mutations

You are resistant to torment.
Your stone body is resilient. (AC +3)
You are immune to poison.
You resist negative energy. (rN+)
You are resistant to electric shocks. (rElec)
You can survive without breathing.
You are immune to petrification.
You are immune to rotting.


Message History

The ogre hits you with a giant club!
Found 16 arrows.
Casting: Sandblast
Confirm with . or Enter, or press ? or * to list all spells.
Aiming: Sandblast
Press: ? - help, Shift-Dir - straight line, f/p - ogre
Aim: an ogre, wielding a giant club (heavily wounded)
The blast of sand hits the ogre.
The ogre is severely wounded.
b - 98 stones
Casting: Sandblast
Confirm with . or Enter, or press ? or * to list all spells.
Aiming: Sandblast
Press: ? - help, Shift-Dir - straight line, f/p - ogre
Aim: an ogre, wielding a giant club (severely wounded)
The blast of sand hits the ogre.
The ogre is almost dead.
b - 97 stones The ogre hits you with a giant club!
You die...

#...#####.########
#...#.............
#...#.###.########
#.......#.# #..(#...#.#
#..######.#
####..!......#
.......#################
#####..#.......O@......(
#.....##############
##.#### ...# #####


You could see an ogre.

Vanquished Creatures
  3 adders
  An ooze (D:2)
  2 worms (D:2)
  A dart slug (D:1)
  A leopard gecko (D:3)
  An orc (D:3)
  8 bats
  3 giant cockroaches (D:2)
  9 goblins
  8 hobgoblins
  7 jackals
  8 kobolds
  5 frilled lizards
  4 rats
61 creatures vanquished.

Notes
Turn   | Place    | Note
-------+----------+-------------------------------------------
     0 | D:1      | tilt the Gargoyle Earth Elementalist began the quest for the Orb.
     0 | D:1      | Reached XP level 1. HP: 10/10 MP: 3/3
   271 | D:1      | Reached XP level 2. HP: 15/15 MP: 3/5
   329 | D:1      | Reached skill level 4 in Earth Magic
   505 | D:1      | Reached XP level 3. HP: 17/19 MP: 0/7
   838 | D:1      | Learned a level 3 spell: Stone Arrow
  1115 | D:2      | Reached XP level 4. HP: 10/24 MP: 3/8
  1315 | D:2      | Found a runed door.
  1315 | D:2      | Noticed a human
  1319 | D:2      | Found a basalt altar of Yredelemnul.
  1353 | D:2      | Found a faded altar of an unknown god.
  1455 | D:2      | Reached skill level 5 in Earth Magic
  2327 | D:3      | Noticed an ogre
  2352 | D:3      | Slain by an ogre

Skill      XL: |  1  2  3  4 |
---------------+-------------+-----
Earth Magic    | 4 5 |  5.2
Spellcasting   | 3 |  3.4
Dodging        | |  1.5
Stealth        | |  2.1
Conjurations   | |  0.2
Transmutations | |  0.7

Action                   |  1- 3 |  4- 6 || total
-------------------------+-------+-------++-------
Melee: Unarmed           |    17 |       ||    17
       Dagger            |    67 |   116 ||   183
 Cast: Sandblast         |    50 |    16 ||    66
 Stab: Sleeping          |     3 |     1 ||     4
  Eat: Chunk             |       |     5 ||     5
Armor: Robe              |    72 |    43 ||   115
Dodge: Dodged            |   104 |    92 ||   196
